Zazza, neutral female human Tourist # ---------- ---------- # |........| |........+### ---------- |........| |..>.....| # |........| |+.......| |........| ### ------------- |........| ##-.?......| |........| # |...........| |....#...| # |........| |........| ###|...<.......| |.........# ### |........| ---------- #+............# --.-------# # ---------- |......{....|# ## # ### -------------# # # # # # # ### #########################@@# ---- # # #-------# |..| ### # #|......# |..| # --.-- #|.....|################### ---- ##....| #+.....-############# --.-+-- |...| |.....| # |(....| |...| --+-+-- ##......| ----- # # ------- Zazza the Rambler Experience level: 1 Strength: 10 Dexterity: 8 Constitution: 18 Intelligence: 12 Wisdom: 10 Charisma: 17 Health: 0(10) Energy: 2(2) Def: 0 Gold: 1216 Moves: 2477 Dungeon seed: fvHbwOMX7gjBhF8M Game ID: Zazza_1619689056 Your Inventory: Coins $ - 1216 gold pieces Weapons a - 32 +2 darts o - a +0 long sword x - a +0 orcish dagger (weapon in hand) A - 6 +0 darts B - a +0 silver spear Armor e - an uncursed +0 Hawaiian shirt y - an uncursed +0 orcish helm z - an uncursed +0 leather armor Comestibles c - 4 uncursed food rations h - an uncursed tripe ration i - an uncursed lembas wafer t - an uncursed carrot u - 2 uncursed eggs Scrolls H - a blessed scroll of magic mapping X - 4 uncursed scrolls of magic mapping Potions j - 3 uncursed potions of extra healing r - a cursed potion of object detection Tools m - an expensive camera (0:72) n - an uncursed credit card Gems q - an uncursed worthless piece of red glass N - an uncursed amber stone Spells and supernatural/magical abilities: Name Level Category Fail Memory W - pray for help -- divine ? -- Your skills at the end: Fighting Skills Weapon Skills dart [Basic] Spellcasting Skills Final Attributes: You were nominally aligned. You were lucky. You are dead. Vanquished creatures: a shrieker 3 cave spiders a yellow mold a gnome zombie 3 geckos 8 jackals 2 foxes a kobold 2 goblins 5 sewer rats 7 grid bugs 4 lichens 7 newts 45 creatures vanquished. Voluntary challenges: You used a wielded weapon 4 times, starting on turn 600. You read items or engraved 3 times, starting on turn 1231. You never genocided any monsters. You never polymorphed an object. You changed form 1 time, starting on turn 2466. You used no wishes. You never split a pudding. You wrote Elbereth's name 1 time, starting on turn 2462. You never violated your personal moral code. Dungeon overview: The Dungeons of Doom: levels 1 to 5 Level 1 an altar to Blind Io, a fountain a long staircase Level 2 Level 3 some fountains stairs to The Gnomish Mines Level 4 Level 5 <- You were here a scroll shop, a fountain, a sink The Gnomish Mines: Level 4 stairs to The Dungeons of Doom History has recorded: On T:1 you entered the Dungeons of Doom to retrieve the Amulet of Yendor! On T:530 you reached level 2 of The Dungeons of Doom. On T:1243 you reached level 3 of The Dungeons of Doom. On T:1304 you reached level 1 of The Gnomish Mines. On T:1831 you reached level 4 of The Dungeons of Doom. On T:2105 you reached level 5 of The Dungeons of Doom. Score breakdown: Gold: 683 ( 9643 points) Experience: 1 level ( 0 points) Exploration: 5 levels ( 10.64%) ( 8846 points) Discoveries: 4 items ( 1.34%) ( 3475 points) Valuables value: (no points given unless you survive) Artifact value: 0 ( 0 points) Variety of kills: 13 monsters ( 3.41%) ( 5541 points) Turncount: 2477 turns ( -316 points) Survival: died (score multiplied by 80%) Total score: 21751 Latest messages: You become much too small for your shirt! You find you must drop your weapon! You have a special ability in this form: 'summon allies'. You can cast it like a spell. You can't even move a handspan with this load! You begin praying to The Lady. You are surrounded by a shimmering light. The cave spider starts to attack you, but pulls back. Armand bites the cave spider. The cave spider is killed! Armand bites the cave spider. The cave spider is killed! You feel that The Lady is satisfied. You feel purified. You return to human form! Your movements are now unencumbered. x - a crude dagger. e - an uncursed +0 Hawaiian shirt. You are now wielding your crude dagger. You hit the wererat. The wererat hits! You die... Final status: Aloha Zazza the Tourist, killed by a wererat... You died in The Dungeons of Doom on dungeon level 5 with 21751 points, and 1216 pieces of gold, after 2477 moves. You were level 1 with a maximum of 10 hit points when you died.